Map: Waterfall

Players

WhereAmI - Winner!

  • Race: Zerg Zerg
  • Spawn Location: 1:00

Macko

  • Race: Protoss Protoss
  • League: Diamond
  • Spawn Location: 7:00

VOD

Have the link to the VOD?

Description

Time

  • Played on: Nov. 9, 2022, 11:25 a.m.
  • Length: 6:50
Show
View Real Time Build Order
Export as new Build Order

WhereAmI Zerg - Winner!

Build Orders: Hatch First 

Get SALT Encoding   

  12  0:00  Drone  
  13  0:13  Overlord  
  13  0:22  Drone  
  14  0:31  Drone x2  
  17  0:35  Drone  
  17  0:54  Hatchery  
  16  0:57  Drone  
  16  1:01  Drone  
  18  1:07  Extractor  
  17  1:16  Spawning Pool  
  16  1:21  Drone  
  16  1:24  Drone  
  18  1:37  Drone  
  19  1:44  Drone  
  20  2:03  Queen  
  20  2:07  Lair  
  23  2:08  Zergling x4  
  24  2:20  Hatchery  
  23  2:25  Drone  
  23  2:26  Drone  
  23  2:29  Drone  
  26  2:34  Drone  
  27  2:39  Overlord  
  27  2:45  Extractor  
  27  2:48  Drone x2  
  28  2:53  Overlord  
  27  3:06  Drone x4  
  31  3:19  Spire  
  30  3:21  Drone  
  30  3:23  Drone  
  31  3:33  Drone  
  32  3:40  Queen  
  34  3:43  Drone x2  
  36  3:50  Spine Crawler  
  36  3:53  Extractor  
  36  3:54  Extractor  
  33  3:57  Drone x2  
  33  4:01  Drone  
  36  4:06  Drone x2  
  38  4:16  Drone x2  
  38  4:17  Drone x2  
  42  4:21  Drone  
  42  4:23  Drone  
  44  4:33  Mutalisk  
  44  4:34  Mutalisk  
  48  4:40  Zerg Flyer Weapons Level 1  
  48  4:44  Overlord  
  48  4:49  Mutalisk  
  50  4:58  Mutalisk  
  50  5:03  Mutalisk  
  50  5:06  Mutalisk  
  53  5:11  Overlord  
  53  5:17  Queen  
  55  5:25  Overlord  
  55  5:30  Overseer  
  55  5:31  Mutalisk x2  
  59  5:37  Spore Crawler  
  59  5:39  Mutalisk  
  60  5:47  Mutalisk  
  62  5:51  Drone x2  
  62  5:53  Drone  
  62  5:54  Drone  
  65  5:57  Mutalisk  
  65  6:02  Mutalisk  
  69  6:11  Drone x2  
  69  6:12  Drone x2  
  69  6:15  Overlord  
  73  6:22  Overlord  
  73  6:28  Overlord x2  
Show
View Real Time Build Order
Export as new Build Order

Macko Protoss 

Build Orders: 1 Gate Expand 

Get SALT Encoding   

  12  0:00  Probe  
  13  0:14  Pylon  
  13  0:19  Probe (Chrono Boost)  
  14  0:28  Probe (Chrono Boost)  
  15  0:33  Probe (Chrono Boost)  
  16  0:40  Gateway  
  16  0:47  Probe  
  17  1:00  Probe (Chrono Boost)  
  19  1:11  Probe (Chrono Boost)  
  19  1:16  Probe (Chrono Boost)  
  20  1:24  Assimilator  
  20  1:36  Cybernetics Core  
  20  1:40  Nexus  
  20  1:49  Probe  
  20  1:52  Assimilator  
  21  1:54  Pylon  
  21  2:04  Pylon  
  21  2:10  Adept (Chrono Boost)  
  23  2:32  Adept  
  23  2:34  Forge  
  24  2:41  Probe  
  25  2:56  Probe (Chrono Boost)  
  25  2:58  Warp Gate (Chrono Boost)  
  26  2:59  Probe (Chrono Boost)  
  27  3:08  Probe (Chrono Boost)  
  27  3:09  Photon Cannon  
  28  3:13  Probe (Chrono Boost)  
  28  3:18  Robotics Facility  
  28  3:19  Probe  
  30  3:35  Photon Cannon  
  30  3:54  Twilight Council  
  30  3:57  Gateway  
  30  4:01  Probe x2  
  32  4:06  Zealot  
  34  4:23  Probe, Pylon  
  35  4:26  Pylon  
  35  4:28  Warp Prism  
  37  4:35  Probe, Pylon  
  37  4:36  Probe  
  39  4:40  Charge  
  39  5:03  Probe  
  38  5:09  Photon Cannon  
  38  5:11  Shield Battery  
  38  5:12  Shield Battery  
  38  5:13  Photon Cannon  
  36  5:16  Photon Cannon  
  36  5:23  Probe  
  36  5:24  Probe  
  36  5:25  Templar Archives  
  38  5:36  Probe x2  
  38  5:39  Gateway  
  38  5:41  Pylon  
  38  5:45  Stalker  
  38  5:49  Stalker  
  38  6:07  Probe (Chrono Boost)  
  39  6:15  Gateway x2  
  39  6:16  Probe (Chrono Boost)  
  40  6:21  Probe (Chrono Boost)  
  41  6:25  Assimilator  
  41  6:31  Stalker x2  
  44  6:38  Stalker  
Tags
 
Add a new tag
Caveats
  • Supply blocks, unpowered buildings, or Contaminate may cause inaccurate times.
  • Supply counts are checked every 10 seconds.